cohdb
Replays
Latest Replays
All Replays
Popular Replays
Top Player Replays
Match Explorer
How It Works
Community
CoH3 Stats
Reddit
Sign in to upload your games and track your stats! →
Sign in with Steam
mg spam into arty some wins
Match 43877703
Overview
Messages
Build Orders
End
Scout Squad
Engineer Squad
Selects Advanced Infantry Battlegroup
Engineer Squad
Construct Weapon Support Center
M1919 Machine Gun Team
Construct Medical Station
M1919 Machine Gun Team
Selects Ammunition Storage
Infantry Support Center
M3 Armored Personnel Carrier
M3 Armored Personnel Carrier
Engineer Squad
M1919 Machine Gun Team
Selects M2A1 105mm Howitzer Emplacement
Scout Squad
Selects Convert to Ranger Squad
Selects Designate Assault Position
Selects Infantry Assault
Infantry Assault
M1919 Machine Gun Team
M3 Armored Personnel Carrier
Selects Free Fire Drills
Construct Tank Depot
M18 Hellcat Tank Destroyer
M18 Hellcat Tank Destroyer
Skeng.Tecnica.International
Oziligath
0
0
Comments
sign in to comment!
No comments posted yet!